[Event "*** Titled Tuesday Blitz"]
[Site "Chess.com"]
[Date "2019.07.02"]
[Round "5"]
[White "albano87"]
[Black "nitpicker"]
[Result "0-1"]
[WhiteElo "2182"]
[BlackElo "2229"]
[TimeControl "180+2"]
[EndTime "14:05:10 PDT"]
[Termination "nitpicker won on time"]

1. e4 d5 2. exd5 Qxd5 3. d4 Nf6 4. Nc3 Qd8 5. Nf3 c6 6. Bc4 Bf5 7. O-O h6 8. Re1 e6 9. Bf4 Bd6 10. Ne5 Qc7 11. Qf3 O-O 12. Qg3 Nh5 13. Qh4 Nxf4 14. Qxf4 Nd7 15. Ne4 Bxe5 16. dxe5 Qxe5 17. Qh4 Nb6 18.
Bd3 Qxb2 19. Rad1 Rad8 20. Re3 Qd4 21. Rg3 Bxe4 0-1

[Event "*** Titled Tuesday Blitz"]
[Site "Chess.com"]
[Date "2019.07.02"]
[Round "5"]
[White "IMAghasiyevKamal"]
[Black "StephenDedalus83"]
[Result "0-1"]
[WhiteElo "2535"]
[BlackElo "2809"]
[TimeControl "180+2"]
[EndTime "14:05:13 PDT"]
[Termination "StephenDedalus83 won by resignation"]

1. d4 Nf6 2. c4 g6 3. Nf3 Bg7 4. g3 O-O 5. Bg2 d6 6. O-O Nbd7 7. Nc3 e5 8. e4 c6 9. h3 Re8 10. d5 cxd5 11. cxd5 Nc5 12. Ne1 a5 13. Be3 b6 14. Bxc5 bxc5 15. Nc2 a4 16. Ne3 Ba6 17.
Re1 Qa5 18. Bf1 a3 19. Bxa6 axb2 20. Rb1 Qxc3 21. Qd3 Qxd3 22. Bxd3 Rxa2 23. Nc4 Bf8 24. Rxb2 Rxb2 25. Nxb2 Rb8 26. Nc4 Rb3 27. Rd1 Nd7 28. Be2 Nb6 29. Nxb6 Rxb6 30. Ra1 Rb4 31. f3 Bh6 32. Ra6 c4 33. Rc6 Be3+ 34. Kg2 Bc5 35. Kf1 c3 36. Bd3 Rb2 37. Ke1 Rh2 0-1

[Event "*** Titled Tuesday Blitz"]
[Site "Chess.com"]
[Date "2019.07.02"]
[Round "5"]
[White "MathiasWomacka"]
[Black "checkmatequen"]
[Result "1-0"]
[WhiteElo "2303"]
[BlackElo "2224"]
[TimeControl "180+2"]
[EndTime "14:05:13 PDT"]
[Termination "MathiasWomacka won by resignation"]

1. e4 c5 2. Nf3 e6 3. d4 cxd4 4. Nxd4 a6 5. Bd3 Nf6 6. O-O d6 7. c4 g6 8. Nc3 Bg7 9. Bg5 Qc7 10. Qd2 O-O 11. Bh6 Nbd7 12. Bxg7 Kxg7 13. Rac1 Ne5 14.
f4 Nxd3 15. Qxd3 b6 16. f5 exf5 17. exf5 Bb7 18. fxg6 hxg6 19. Kh1 Rh8 20. Qg3 Rae8 21.
Nf5+ Kf8 22. Nxd6 Re6 23. Rcd1 Rh5 24. Rd3 Kg8 25. Nxb7 Qxb7 26. Rdf3 Kg7 27. Qf2 Qe7 28. Nd5 Rxd5 29. cxd5 Re2 30. Qd4 Re5 31. Rxf6 Qxf6 32. Rxf6 1-0

[Event "*** Titled Tuesday Blitz"]
[Site "Chess.com"]
[Date "2019.07.02"]
[Round "5"]
[White "nubair1198"]
[Black "RichardLeyvaP"]
[Result "1-0"]
[WhiteElo "2660"]
[BlackElo "2416"]
[TimeControl "180+2"]
[EndTime "14:05:13 PDT"]
[Termination "nubair1198 won on time"]

1. Nf3 Nf6 2. c4 g6 3. Nc3 Bg7 4. d4 d6 5. e4 O-O 6. Be2 e5 7. O-O Nc6 8. d5 Ne7 9. Qc2 c5 10. dxc6 Nxc6 11. Rd1 Bg4 12. Be3 Bxf3 13. Bxf3 Nd4 14.
Bxd4 exd4 15. Rxd4 Rc8 16. Rad1 Qe7 17. Qb3 Rc6 18. Qa3 Ra6 19. Qb3 Rb6 20. Qc2 Qe6 21.
b3 Nh5 22. R4d2 Nf4 23. Nd5 Nxd5 24. exd5 Qc8 25. h4 Re8 26. h5 Ra6 27. c5 Bh6 28.
Re2 dxc5 29. Rxe8+ Qxe8 30. d6 Bf8 31. d7 Qd8 32. Qe4 Rb6 33. Qe8 1-0

[Event "*** Titled Tuesday Blitz"]
[Site "Chess.com"]
[Date "2019.07.02"]
[Round "5"]
[White "PabloZarnicki"]
[Black "vova-79"]
[Result "1-0"]
[WhiteElo "2591"]
[BlackElo "2394"]
[TimeControl "180+2"]
[EndTime "14:05:14 PDT"]
[Termination "PabloZarnicki won by resignation"]

1. e4 e6 2. d4 d5 3. Nd2 dxe4 4. Nxe4 Nd7 5. g3 Ngf6 6. Nxf6+ Nxf6 7. Bg2 e5 8. Ne2 Bd6 9. dxe5 Bxe5 10. Qxd8+ Kxd8 11. O-O c6 12. Nf4 Bf5 13. c3 Kc7 14. Re1 Rhe8 15. h3 Bd6 16. Be3 b6 17. Rad1 Rad8 18. Bd4 Rxe1+ 19. Rxe1 Bxf4 20. gxf4 Re8 21. Be5+ Kb7 22. Rd1 Re7 23. Bxf6 gxf6 24. Rd6 Re6 25. Rd7+ Kb8 26. Rxf7 Re1+ 27. Kh2 Re2 28. Rxf6 Bb1 29. Kg3 Rxb2 30. f5 Rc2 31. Rf8+ Kc7 32. f6 Rxc3+ 33. Kf4 Rc2 34. f7 Rxf2+ 35. Bf3 Bxa2 36. Rc8+ 1-0

[Event "*** Titled Tuesday Blitz"]
[Site "Chess.com"]
[Date "2019.07.02"]
[Round "5"]
[White "Grischuk"]
[Black "Colombiano07"]
[Result "1-0"]
[WhiteElo "3076"]
[BlackElo "2173"]
[TimeControl "180+2"]
[EndTime "14:05:19 PDT"]
[Termination "Grischuk won by resignation"]

1. e4 c5 2. Nf3 Nc6 3. Bb5 d6 4. O-O Bd7 5. Re1 e5 6. c3 Nf6 7. d4 cxd4 8. cxd4 Be7 9. Nc3 O-O 10. d5 Nb8 11. a4 Bg4 12. Be3 Nbd7 13. Be2 a6 14.
Nd2 Bxe2 15. Qxe2 Rc8 16. a5 Qc7 17. Rec1 Qb8 18. h3 Rc7 19. Nc4 Rfc8 20. b3 Nc5 21. Bxc5 Rxc5 22. Na4 Rb5 23. Nab6 Rc7 24. Rab1 Nd7 25.
b4 Nxb6 26. Nxb6 Bd8 27. Nc4 Rc8 28. Qd1 Be7 29. Na3 Kf8 30. Nxb5 axb5 31. Qd3 1-0

[Event "*** Titled Tuesday Blitz"]
[Site "Chess.com"]
[Date "2019.07.02"]
[Round "5"]
[White "sergeikim"]
[Black "BakaPG"]
[Result "0-1"]
[WhiteElo "2483"]
[BlackElo "2727"]
[TimeControl "180+2"]
[EndTime "14:05:32 PDT"]
[Termination "BakaPG won by resignation"]

1. d4 d5 2. c4 c6 3. Nf3 Nf6 4. Qc2 dxc4 5. Qxc4 b5 6. Qc2 e6 7. e4 Bb7 8. Bd3 Nbd7 9. O-O Rc8 10. Nc3 b4 11. Na4 c5 12. dxc5 Nxc5 13. Bb5+ Ncd7 14. Qe2 Bxe4 15. Ne5 Rc2 16. Qd1 Qc7 17. Nxd7 Nxd7 18. Re1 Bg6 19. Bf4 Qb7 20. Bd3 Bxd3 21. Qxd3 Rc6 22.
Rad1 Be7 23. Bg3 Nf6 24. Be5 O-O 25. Qg3 Rc4 26. b3 Rg4 27. Rd7 Qxd7 0-1

[Event "*** Titled Tuesday Blitz"]
[Site "Chess.com"]
[Date "2019.07.02"]
[Round "5"]
[White "Micki-taryan"]
[Black "severomorskij"]
[Result "1/2-1/2"]
[WhiteElo "2959"]
[BlackElo "2854"]
[TimeControl "180+2"]
[EndTime "14:05:34 PDT"]
[Termination "Game drawn by repetition"]

1. Nf3 d5 2. g3 Nf6 3. Bg2 c5 4.
O-O e6 5. b3 Be7 6. Bb2 O-O 7.
d3 Nc6 8. Nbd2 b6 9. e4 Bb7 10. Re1 Qc7 11. exd5 exd5 12. Ne5 Rfe8 13. Ndf3 d4 14. Nxc6 Bxc6 15. Bc1 Bd6 16. Bd2 h6 17. a4 a5 18. Rxe8+ Rxe8 19. Qf1 Qb7 20. Nh4 Bxg2 21. Qxg2 Qxg2+ 22. Kxg2 Re2 23. Rd1 Nd5 24. Kf3 Re6 25. h3 Kf8 26. Nf5 Ne7 27. Nxd6 Rxd6 28. Re1 Rf6+ 29.
Kg2 Ke8 30. c4 Kd7 31. f4 Re6 32. Re4 f5 33. Rxe6 Kxe6 34. Kf3 h5 35. h4 g6 36. Be1 Ng8 37. Bd2 Nf6 38. Be1 Ng4 39. Bd2 Nh2+ 40. Kg2 Ng4 41. Kf3 Nh2+ 42. Kg2 Ng4 43.
Kf3 1/2-1/2

[Event "*** Titled Tuesday Blitz"]
[Site "Chess.com"]
[Date "2019.07.02"]
[Round "5"]
[White "Andrei_Belozerov"]
[Black "SalgadoChess91"]
[Result "0-1"]
[WhiteElo "2549"]
[BlackElo "2832"]
[TimeControl "180+2"]
[EndTime "14:05:35 PDT"]
[Termination "SalgadoChess91 won by resignation"]

1. e4 c5 2. Nf3 Nc6 3. d4 cxd4 4. Nxd4 Nf6 5. Nc3 d6 6. f3 e5 7. Nb3 Be7 8. Be3 Be6 9. Qe2 a5 10. O-O-O Qb8 11. Kb1 a4 12. Nc1 a3 13. b3 O-O 14. g4 Rc8 15. Nd5 Bxd5 16. exd5 Nb4 17. c4 b5 18. g5 bxc4 19. gxf6 Bxf6 20. Bh3 c3 21. Bf5 c2+ 22. Bxc2 Rxc2 23. Rd2 Rb2+ 24. Rxb2 axb2 25. Qxb2 Nxd5 26. Bf2 Qc8 27. Ne2 Qf5+ 28. Qc2 Qxc2+ 29. Kxc2 Rxa2+ 30. Kd3 Nb4+ 31. Ke3 Bg5+ 32.
f4 exf4+ 33. Kf3 Nd3 34. Bd4 Ne5+ 35. Bxe5 dxe5 36. Rd1 f5 37. Nc3 e4+ 38. Nxe4 fxe4+ 39. Kxe4 Rxh2 40. Kf5 Bf6 0-1

[Event "*** Titled Tuesday Blitz"]
[Site "Chess.com"]
[Date "2019.07.02"]
[Round "5"]
[White "1d4_1-0"]
[Black "XiaoKangZhong"]
[Result "1-0"]
[WhiteElo "2211"]
[BlackElo "2245"]
[TimeControl "180+2"]
[EndTime "14:05:38 PDT"]
[Termination "1d4_1-0 won by resignation"]

1. d4 Nf6 2. c4 g6 3. Nc3 d5 4.
cxd5 Nxd5 5. e4 Nxc3 6. bxc3 Bg7 7. Bg5 c5 8. Rc1 Qa5 9. Qd2 Nc6 10. d5 Ne5 11. Be2 h6 12. Be3 Bd7 13. c4 Qxd2+ 14. Kxd2 b6 15. f4 Ng4 16. Bxg4 Bxg4 17. f5 gxf5 18. h3 f4 19. Bxf4 Bd7 20. Nf3 h5 21. e5 Bh6 22. Bxh6 Rxh6 23. Ng5 Bf5 24. Rhf1 e6 25.
g4 hxg4 26. hxg4 Rh2+ 27. Ke3 Rg2 28. Nxf7 Bxg4 29. Nd6+ Ke7 30. Rf7+ Kd8 31. Rf8+ Ke7 32. Rxa8 exd5 33. cxd5 Rxa2 34. Rh1 1-0

[Event "*** Titled Tuesday Blitz"]
[Site "Chess.com"]
[Date "2019.07.02"]
[Round "5"]
[White "PIwan"]
[Black "resha1988"]
[Result "0-1"]
[WhiteElo "2457"]
[BlackElo "2738"]
[TimeControl "180+2"]
[EndTime "14:05:40 PDT"]
[Termination "resha1988 won by resignation"]

1. c4 c5 2. Nf3 Nc6 3. e3 Nf6 4. Nc3 g6 5. d4 cxd4 6. exd4 d5 7. cxd5 Nxd5 8. Qb3 Nxc3 9. Bc4 e6 10. bxc3 Bg7 11.
Ba3 Bf8 12. Bxf8 Kxf8 13. O-O Kg7 14. Qd1 Qf6 15. Qe2 Rd8 16. Bd3 b6 17. Qe3 Bb7 18.
Be4 Na5 19. Bxb7 Nxb7 20. Ne5 h5 21. c4 Nd6 22. Rfd1 Rac8 23. Rac1 Nf5 24. Qe4 Qh4 25. f4 Qe7 26. Nf3 Qc7 27. Ne5 Rd6 28. Rd3 Rcd8 29. c5 Rxd4 30. Rxd4 Rxd4 31. Qc2 bxc5 32. Qxc5 Rd1+ 0-1

[Event "*** Titled Tuesday Blitz"]
[Site "Chess.com"]
[Date "2019.07.02"]
[Round "5"]
[White "ASargsyan1"]
[Black "Zq1"]
[Result "1-0"]
[WhiteElo "2606"]
[BlackElo "2552"]
[TimeControl "180+2"]
[EndTime "14:05:42 PDT"]
[Termination "ASargsyan1 won by resignation"]

1. d4 d5 2. c4 e6 3. Nf3 Nf6 4. Nc3 Be7 5. Bf4 O-O 6. e3 b6 7. cxd5 Nxd5 8. Nxd5 Qxd5 9. a3 c5 10. dxc5 Qxd1+ 11. Rxd1 Bxc5 12. Ne5 f6 13. Nc4 e5 14. Bg3 Be6 15. f3 Nc6 16. Bf2 Rfd8 17. Be2 Rxd1+ 18.
Kxd1 a5 19. Kc1 Rc8 20. Kb1 b5 21. Nd2 b4 22. a4 b3 23. Rc1 Nb4 24. Bc4 Bxc4 25.
Rxc4 Nd3 26. Nxb3 Nxf2 27. Rxc5 Rd8 28. Nxa5 Nd1 29. b4 Nxe3 30. b5 Kf7 31. b6 Rb8 32. b7 1-0

[Event "*** Titled Tuesday Blitz"]
[Site "Chess.com"]
[Date "2019.07.02"]
[Round "5"]
[White "Alex_Terzi"]
[Black "KhazarBabazada"]
[Result "1-0"]
[WhiteElo "2478"]
[BlackElo "2652"]
[TimeControl "180+2"]
[EndTime "14:05:47 PDT"]
[Termination "Alex_Terzi won by resignation"]

1. d4 Nf6 2. Bf4 g6 3. Nc3 Bg7 4. e4 d6 5. Nf3 O-O 6. h3 Nc6 7. Qd2 a6 8. O-O-O b5 9. Qe3 b4 10. Nb1 d5 11. e5 Ne4 12. Nbd2 Nxd2 13. Qxd2 a5 14. Bh6 a4 15. h4 b3 16. cxb3 axb3 17.
a3 Bf5 18. Bxg7 Kxg7 19. h5 Rh8 20. h6+ Kg8 21. Bd3 e6 22. Bxf5 exf5 23. Qc3 Na5 24. Kb1 Qe7 25. Nd2 Kf8 26. Rc1 Ra7 27. Nxb3 Nc4 28.
Nc5 Ra8 29. Qb4 g5 30. Nd7+ Ke8 31. Nf6+ Kd8 32. Qxe7+ 1-0

[Event "*** Titled Tuesday Blitz"]
[Site "Chess.com"]
[Date "2019.07.02"]
[Round "5"]
[White "KL31"]
[Black "WeAintSurePal"]
[Result "1-0"]
[WhiteElo "2291"]
[BlackElo "2316"]
[TimeControl "180+2"]
[EndTime "14:05:52 PDT"]
[Termination "KL31 won by resignation"]

1. d4 d5 2. Nf3 Nf6 3. Bf4 c5 4. e3 Nc6 5. Nbd2 e6 6. c3 cxd4 7. exd4 Nh5 8. Be3 f5 9. Ne5 g6 10. Be2 Nf6 11. O-O Bd6 12. Nxc6 bxc6 13. b4 O-O 14.
Bg5 Qc7 15. Nf3 Ne4 16. Bh6 Re8 17. Qc1 a5 18. a3 Ba6 19. Re1 Bxe2 20. Rxe2 Ra6 21.
Ne5 Rea8 22. f3 Nf6 23. Qg5 Bxe5 24. Rxe5 Qf7 25. Rae1 Re8 26. Qe3 axb4 27. axb4 Raa8 28. Rxe6 Rxe6 29. Qxe6 Re8 30. Qxf7+ Kxf7 31. Rxe8 Nxe8 32.
Bf4 Kf6 33. Be5+ Ke6 34. Kf2 g5 35. Ke3 f4+ 36. Kd3 Kf5 37. h3 h5 38. c4 g4 39.
hxg4+ hxg4 40. cxd5 gxf3 41. gxf3 cxd5 42. b5 Nf6 43.
Bxf6 Kxf6 44. b6 Ke6 45. b7 Kd7 46. b8=Q Kc6 47. Qe5 1-0

[Event "*** Titled Tuesday Blitz"]
[Site "Chess.com"]
[Date "2019.07.02"]
[Round "5"]
[White "chess4life23"]
[Black "3f32"]
[Result "0-1"]
[WhiteElo "2356"]
[BlackElo "2481"]
[TimeControl "180+2"]
[EndTime "14:05:53 PDT"]
[Termination "3f32 won by resignation"]

1. d4 Nf6 2. c4 g6 3. Nc3 Bg7 4. e4 O-O 5. Be2 d6 6. Nf3 e5 7. O-O Nc6 8. d5 Ne7 9. b4 Nh5 10. Re1 f5 11. Ng5 Nf6 12. Bf3 Rb8 13. Be3 f4 14. Bxa7 Ra8 15. Qa4 Bd7 16. Nb5 Nc8 17.
Ne6 Bxe6 18. dxe6 c6 19. Bb6 Nxb6 20. Qb3 cxb5 21. c5 Nc4 22. a4 Nd2 23. Qa2 Nxf3+ 24. gxf3 Kh8 25. Red1 Rxa4 26. Qe2 Rxa1 27. Rxa1 dxc5 28.
Qxb5 Qd4 29. Ra7 Qxb4 30. Qd3 Qd4 31. Qb5 Qb4 32. Qd3 c4 33. Qd1 Re8 0-1

[Event "*** Titled Tuesday Blitz"]
[Site "Chess.com"]
[Date "2019.07.02"]
[Round "5"]
[White "Qvalda"]
[Black "731291"]
[Result "1/2-1/2"]
[WhiteElo "2501"]
[BlackElo "2665"]
[TimeControl "180+2"]
[EndTime "14:05:55 PDT"]
[Termination "Game drawn by repetition"]

1. g3 c5 2. Bg2 Nc6 3. e4 e5 4. Nc3 g6 5. d3 Bg7 6. f4 d6 7. Nf3 Nge7 8. O-O O-O 9. f5 gxf5 10. Nh4 fxe4 11. dxe4 Nd4 12. Nd5 Nxd5 13. exd5 e4 14. c3 Nf3+ 15. Nxf3 exf3 16. Qxf3 f5 17. Bf4 Qf6 18.
Rae1 Bd7 19. Qh5 Rae8 20. Bg5 Qf7 21. Qh4 Bb5 22. Re7 Rxe7 23. Bxe7 Bxf1 24. Bxf8 Bxg2 25.
Bxg7 Kxg7 26. Qg5+ Kf8 27. Qd8+ Kg7 28. Qg5+ Qg6 29.
Qe7+ Qf7 30. Qg5+ 1/2-1/2

[Event "*** Titled Tuesday Blitz"]
[Site "Chess.com"]
[Date "2019.07.02"]
[Round "5"]
[White "TST2014"]
[Black "TenisMaster"]
[Result "0-1"]
[WhiteElo "2563"]
[BlackElo "2838"]
[TimeControl "180+2"]
[EndTime "14:05:56 PDT"]
[Termination "TenisMaster won by checkmate"]

1. d4 Nf6 2. c4 e6 3. Nf3 d5 4. Nc3 c6 5. e3 Nbd7 6. Qc2 Bd6 7. Be2 O-O 8. O-O dxc4 9. a4 e5 10. Bxc4 exd4 11. exd4 Nb6 12. Bb3 h6 13. h3 Nbd5 14. a5 Be6 15. Re1 Re8 16. Bd2 Qc7 17. Ne5 Nb4 18.
Qd1 Rad8 19. Bxe6 Rxe6 20. Nc4 Rxe1+ 21. Bxe1 Bh2+ 22. Kh1 Bf4 23. Ne2 Bd6 24. Nxd6 Qxd6 25. Qb3 Nfd5 26. Nc3 Qe6 27. Nxd5 Nxd5 28. Qxb7 Qe2 29.
Kg1 Nf4 30. Qxc6 Rd5 31. Qc8+ Kh7 32. g3 Rg5 33. h4 Rxg3+ 34. Kh2 Rg2+ 35. Kh1 Qf1# 0-1

[Event "*** Titled Tuesday Blitz"]
[Site "Chess.com"]
[Date "2019.07.02"]
[Round "5"]
[White "fidezivkovic"]
[Black "sebsep"]
[Result "0-1"]
[WhiteElo "2241"]
[BlackElo "2153"]
[TimeControl "180+2"]
[EndTime "14:06:02 PDT"]
[Termination "sebsep won on time"]

1. e4 e5 2. Nf3 Nc6 3. d4 exd4 4. Bc4 Nf6 5. e5 d5 6. Bb5 Ne4 7. Nxd4 Bd7 8. Bxc6 bxc6 9. O-O Bc5 10. f3 Ng5 11. f4 Ne4 12. Be3 O-O 13. Nd2 Nxd2 14. Qxd2 Bb6 15. Nb3 Qe7 16. Qc3 Bxe3+ 17. Qxe3 Qb4 18. f5 Rfe8 19. Rae1 a5 20. Kh1 a4 21. Qc5 Qb6 22. Qxb6 cxb6 23. Nd2 c5 24. g4 Bc6 25. Kg1 b5 26. c3 a3 27. b3 Rad8 28. Nf3 d4 29.
cxd4 cxd4 30. e6 fxe6 31. fxe6 d3 32. Nd2 Rd6 33. e7 Rd7 34. Re6 Bd5 0-1

[Event "*** Titled Tuesday Blitz"]
[Site "Chess.com"]
[Date "2019.07.02"]
[Round "5"]
[White "xdb"]
[Black "IngOscarArdila"]
[Result "1-0"]
[WhiteElo "2225"]
[BlackElo "2022"]
[TimeControl "180+2"]
[EndTime "14:06:02 PDT"]
[Termination "xdb won on time"]

1. d4 Nf6 2. c4 g6 3. Nc3 Bg7 4. e4 d6 5. Nf3 O-O 6. Be2 e5 7.
O-O Nc6 8. d5 Ne7 9. Ne1 Ne8 10.
Be3 f5 11. f3 f4 12. Bf2 g5 13. c5 Ng6 14. a4 Rf7 15. a5 a6 16. cxd6 cxd6 17. Na4 Bd7 18. Nb6 Rb8 19. Nxd7 Qxd7 20. Qa4 Qe7 21. Rc1 h5 22. h3 Nf6 23. Bb6 Bf8 24.
Rc7 Qe8 25. Qxe8 Rxe8 26. Nd3 g4 27. hxg4 hxg4 28. Rxf7 Kxf7 29. Rc1 Re7 30. Rc8 gxf3 31.
gxf3 Bh6 32. Bf1 Bg5 33. Bh3 Bh4 34. Be6+ Kg7 35. Bd8 Bg3 36. Bxe7 Nxe7 37. Rc7 Kf8 38. Rxb7 1-0

[Event "*** Titled Tuesday Blitz"]
[Site "Chess.com"]
[Date "2019.07.02"]
[Round "5"]
[White "LarissaSteenbekkers"]
[Black "Grootneus"]
[Result "0-1"]
[WhiteElo "1985"]
[BlackElo "2166"]
[TimeControl "180+2"]
[EndTime "14:06:03 PDT"]
[Termination "Grootneus won by resignation"]

1. e4 c5 2. Nf3 d6 3. d4 cxd4 4. Nxd4 Nf6 5. Nc3 g6 6. Be3 Bg7 7. f3 O-O 8. Qd2 Nc6 9. O-O-O d5 10. Qe1 e5 11. Nxc6 bxc6 12. exd5 Nxd5 13. Bc4 Be6 14. Ne4 Qc7 15. Bc5 Rfd8 16. Qh4 h6 17. g4 a5 18. g5 h5 19. Qf2 Rab8 20. h4 Qb7 21. c3 Nxc3 22. Bxe6 Rxd1+ 23. Rxd1 Nxd1 24. Nd6 Nxf2 25.
Nxb7 Rxb7 26. Bc8 Nd3+ 0-1

[Event "*** Titled Tuesday Blitz"]
[Site "Chess.com"]
[Date "2019.07.02"]
[Round "5"]
[White "Eliwood44"]
[Black "HanSchut"]
[Result "1-0"]
[WhiteElo "2340"]
[BlackElo "2209"]
[TimeControl "180+2"]
[EndTime "14:06:04 PDT"]
[Termination "Eliwood44 won by resignation"]

1. d4 Nf6 2. c4 g6 3. g3 Bg7 4.
Bg2 d5 5. cxd5 Nxd5 6. e4 Nb6 7.
Ne2 O-O 8. O-O c5 9. dxc5 Qxd1 10. Rxd1 Na4 11. Nbc3 Nxc5 12. Be3 Ne6 13. b4 Nc6 14. b5 Ne5 15. Rac1 Rd8 16. Nd5 Kf8 17. a4 Bd7 18. h3 Rdc8 19. Rxc8+ Rxc8 20. f4 Nc4 21.
Bxa7 Ra8 22. Bf2 Rxa4 23. f5 Nd8 24. Ndc3 Bxc3 25. Nxc3 Ra3 26. Rxd7 Rxc3 27. Rxd8+ Kg7 28. Bd4+ 1-0

[Event "*** Titled Tuesday Blitz"]
[Site "Chess.com"]
[Date "2019.07.02"]
[Round "5"]
[White "KarstenHansch"]
[Black "FelixBlohberger"]
[Result "0-1"]
[WhiteElo "2418"]
[BlackElo "2518"]
[TimeControl "180+2"]
[EndTime "14:06:07 PDT"]
[Termination "FelixBlohberger won by resignation"]

1. e4 b6 2. d3 Bb7 3. Be3 d6 4. g3 g6 5. Bg2 Bg7 6. c3 c5 7.
Nd2 Nc6 8. f4 e6 9. Ngf3 Nge7 10. O-O Qd7 11. Qe2 h6 12. Rae1 O-O 13. Bf2 b5 14. g4 b4 15. d4 bxc3 16. bxc3 cxd4 17. cxd4 a5 18. f5 Ba6 19. Qe3 Bxf1 20. Nxf1 d5 21. g5 hxg5 22. Qxg5 exf5 23. exd5 Nxd5 24. Ne5 Nxe5 25.
dxe5 Qe6 26. Ne3 Nxe3 27. Bxa8 Nc2 28. Re2 Rxa8 29. Rxc2 Qxe5 30. Rd2 Bf6 31. Qh6 Rc8 32. Rd1 Qe6 33. Qd2 Rd8 34. Qc2 Rxd1+ 35. Qxd1 Qxa2 36.
Bd4 Qd5 0-1

[Event "*** Titled Tuesday Blitz"]
[Site "Chess.com"]
[Date "2019.07.02"]
[Round "5"]
[White "yoolund"]
[Black "AbasovN"]
[Result "0-1"]
[WhiteElo "2613"]
[BlackElo "2872"]
[TimeControl "180+2"]
[EndTime "14:06:09 PDT"]
[Termination "AbasovN won by resignation"]

1. d4 Nf6 2. Bg5 d5 3. Bxf6 exf6 4. e3 c6 5. c4 dxc4 6. Bxc4 Bd6 7. Nc3 Nd7 8. Nge2 Nb6 9. Bb3 a5 10. a3 O-O 11. O-O Bf5 12. Ng3 Bg6 13. Rc1 Re8 14. Qf3 a4 15. Ba2 Ra5 16. Rfd1 Bxg3 17. hxg3 Rg5 18. g4 f5 19. gxf5 Rxf5 20. Qg3 Rg5 21.
Qh2 Rh5 22. Qg3 Rg5 23. Qh2 h6 24. f4 Rg4 25. Re1 Qf6 26. Bb1 Bxb1 27. Nxb1 Nd5 28. Qh3 Qg6 29. Kf2 Rxe3 30. Rxe3 Nxe3 31. Qxe3 Rxg2+ 32.
Kf1 Rg3 33. Qf2 Qd3+ 0-1

[Event "*** Titled Tuesday Blitz"]
[Site "Chess.com"]
[Date "2019.07.02"]
[Round "5"]
[White "Vamostodorecto"]
[Black "x-3738459472"]
[Result "0-1"]
[WhiteElo "2407"]
[BlackElo "2606"]
[TimeControl "180+2"]
[EndTime "14:06:23 PDT"]
[Termination "x-3738459472 won by resignation"]

1. d4 d5 2. c4 c6 3. Nc3 Nf6 4. Nf3 a6 5. e3 g6 6. b3 Bg7 7.
Bb2 O-O 8. Bd3 Bg4 9. h3 Bxf3 10. Qxf3 e6 11. O-O Nbd7 12. e4 dxe4 13. Nxe4 Nxe4 14. Qxe4 Nc5 15. Qe2 Bxd4 16. Rad1 Bxb2 17. Qxb2 Nxd3 18.
Qc3 Qe7 19. Rxd3 Rad8 20. Rfd1 Rxd3 21. Rxd3 Rd8 22. g3 Rxd3 23. Qxd3 e5 24. Qe3 Kg7 25. h4 h5 26. Kg2 Qe6 27. Qb6 Qe7 28. Qa7 c5 29. Qb8 e4 30. Qf4 Qe6 31. Qe3 b6 32.
Qc3+ Qf6 33. Qe3 Qe5 34. Kh3 a5 35. Kg2 Qf5 36. Kg1 Qf3 37. Qd2 Qd3 38. Qb2+ Qd4 39. Qe2 f5 40. Kg2 Kf6 41. Qc2 e3 42. fxe3 Qxe3 43.
Qb2+ Qe5 44. Qd2 Qe4+ 45. Kh3 Qh1+ 46. Qh2 Qxh2+ 47. Kxh2 Ke5 48. Kg2 Ke4 49. Kf2 f4 0-1

[Event "*** Titled Tuesday Blitz"]
[Site "Chess.com"]
[Date "2019.07.02"]
[Round "5"]
[White "stoleriu"]
[Black "MateSchmate"]
[Result "1/2-1/2"]
[WhiteElo "2519"]
[BlackElo "2357"]
[TimeControl "180+2"]
[EndTime "14:06:23 PDT"]
[Termination "Game drawn by stalemate"]

1. e4 e6 2. d4 d5 3. Nc3 Bb4 4. exd5 exd5 5. Bd3 Nf6 6. Bg5 Be6 7. Qf3 Be7 8. Nge2 Nbd7 9. O-O h6 10. Bh4 g5 11.
Bg3 h5 12. Be5 g4 13. Qe3 h4 14. Nf4 Nxe5 15. Qxe5 Bd6 16. Nxe6 Bxe5 17. Nxd8 Bxd4 18.
Nxb7 Rb8 19. Rae1+ Kf8 20. Na5 g3 21. Nd1 Ng4 22. Nc6 Bxf2+ 23. Nxf2 gxf2+ 24. Rxf2 Nxf2 25. Nxb8 Nxd3 26. cxd3 Kg7 27. Nc6 Rh6 28. Nd4 Rb6 29. b3 c5 30. Nf5+ Kf6 31. Nxh4 c4 32. dxc4 dxc4 33.
bxc4 Rb2 34. Rf1+ Kg5 35. Nf3+ Kf4 36. Ne1+ Ke3 37. Rxf7 Rxa2 38. Rf3+ Ke4 39. h4 a5 40. h5 a4 41. h6 a3 42. h7 Ra1 43. h8=Q Rxe1+ 44. Kf2 a2 45. Kxe1 a1=Q+ 46. Qxa1 1/2-1/2

[Event "*** Titled Tuesday Blitz"]
[Site "Chess.com"]
[Date "2019.07.02"]
[Round "5"]
[White "King_of_the_wing"]
[Black "Maili15"]
[Result "0-1"]
[WhiteElo "2149"]
[BlackElo "2253"]
[TimeControl "180+2"]
[EndTime "14:06:24 PDT"]
[Termination "Maili15 won by resignation"]

1. e4 c5 2. Nf3 d6 3. d4 cxd4 4. Nxd4 Nf6 5. Nc3 a6 6. Bg5 Nbd7 7. f4 h6 8. Bxf6 Nxf6 9. Qf3 Qc7 10. O-O-O Bg4 11.
Qe3 Bxd1 12. Kxd1 g6 13. Be2 Bg7 14. e5 dxe5 15. fxe5 Rd8 16. Kc1 Nd5 17. Nxd5 Rxd5 18. Nf3 Bxe5 19. Kb1 Bg7 20. Qe4 Rc5 21. Rd1 O-O 22. c3 Rc8 23. Rd3 b5 24. Nd4 b4 25.
Nb3 Rc4 26. Rd8+ Qxd8 27. Bxc4 Qd1+ 28. Nc1 bxc3 29. bxc3 Rb8+ 30. Bb3 Qd2 31. Qxg6 Rxb3+ 32. Nxb3 Qd1+ 0-1

[Event "*** Titled Tuesday Blitz"]
[Site "Chess.com"]
[Date "2019.07.02"]
[Round "5"]
[White "shnitez"]
[Black "bascheyaro"]
[Result "1-0"]
[WhiteElo "2583"]
[BlackElo "2741"]
[TimeControl "180+2"]
[EndTime "14:06:25 PDT"]
[Termination "shnitez won by checkmate"]

1. e4 e6 2. Nf3 d5 3. Nc3 Nf6 4. e5 Nfd7 5. d4 c5 6. dxc5 Nc6 7. Bf4 h6 8. Qd2 g5 9. Bg3 Bxc5 10. Bb5 Qa5 11. O-O Bb4 12. Bxc6 bxc6 13. a3 Bxc3 14. bxc3 Ba6 15. Rfb1 Nb6 16. Nd4 Nc4 17. Qe1 c5 18.
Nb3 Qc7 19. Nd2 h5 20. Nxc4 Bxc4 21. h4 gxh4 22. Bxh4 Rg8 23. g3 Kd7 24. Qe3 Kc6 25. Rb2 Rg4 26. Rab1 d4 27. cxd4 cxd4 28. Qf3+ Bd5 29.
Qe2 Qa5 30. Rb5 Qc3 31. Rxd5 Kxd5 32. Qb5+ Ke4 33. Qb7+ Kf5 34. Qxa8 Re4 35. Qg8 Re1+ 36. Rxe1 Qxe1+ 37. Kg2 Qe4+ 38. Kh2 Kxe5 39. Qxf7 Qxc2 40. Bf6+ Kd6 41. Qe7+ Kc6 42. Qxe6+ Kb5 43. Qd5+ Ka4 44. Qxd4+ Kxa3 45. Qxa7+ Kb4 46. Qb6+ Ka4 47. Qa6+ Kb4 48. Be7+ Kb3 49. Qa3+ Kc4 50. Qc5+ Kb3 51. Qxc2+ Kxc2 52. f4 Kd3 53. f5 Ke4 54. f6 Kf5 55. f7 h4 56.
gxh4 Kg4 57. f8=Q Kh5 58. Qf5+ Kh6 59. Bf8# 1-0

[Event "*** Titled Tuesday Blitz"]
[Site "Chess.com"]
[Date "2019.07.02"]
[Round "5"]
[White "ethylalcohol"]
[Black "AndrewMcStone"]
[Result "0-1"]
[WhiteElo "2089"]
[BlackElo "2152"]
[TimeControl "180+2"]
[EndTime "14:06:25 PDT"]
[Termination "AndrewMcStone won on time"]

1. d4 Nf6 2. Nf3 g6 3. Bf4 Bg7 4. e3 O-O 5. Be2 c5 6. c3 d6 7. h3 Be6 8. Nbd2 Qb6 9. Qc2 Nc6 10. O-O cxd4 11. exd4 Rac8 12. Nc4 Qc7 13. Ng5 Bxc4 14. Bxc4 Nxd4 15. Bxf7+ Rxf7 16. Qd2 Nc6 17. Nxf7 Kxf7 18.
Rfe1 Qa5 19. Bh6 Qf5 20. Bxg7 Kxg7 21. Rad1 Ne5 22. Qd4 b6 23. f4 Nc6 24. Qe3 Qc5 0-1